 Dungeon Crawl Stone Soup version 0.26-a0-597-gb535b0901c (webtiles) character file.

Game seed: 14500657293274066439

7344 Alarkh the Grappler (level 10, -8/73 HPs)
             Began as a Demonspawn Gladiator on Sept 10, 2020.
             Was a Follower of Uskayaw.
             Killed from afar by Erica (17 damage)
             ... with a bolt of poison
             ... on level 10 of the Dungeon.
             The game lasted 00:11:43 (8169 turns).

Alarkh the Grappler (Demonspawn Gladiator)          Turns: 8169, Time: 00:11:44

Health: -8/73      AC: 13    Str: 15    XL:     10   Next: 91%
Magic:  14/14      EV: 13    Int: 13    God:    Uskayaw [*.....]
Gold:   482        SH:  4    Dex: 14    Spells: 9/9 levels left

rFire    . . .     SeeInvis +     - Unarmed
rCold    . . .     Faith    .   (no shield)
rNeg     + . .     Spirit   .   K - +2 robe {rN+}
rPois    .         Reflect  .   Q - +1 helmet
rElec    .         Harm     .   P - +2 cloak
rCorr    .                      (no gloves)
MR       .....                  (boots unavailable)
Stlth    +.........             (no amulet)
HPRegen  0.22/turn              L - +4 ring of protection
MPRegen  0.14/turn              R - ring of see invisible

@: lethally poisoned (-8 -> -20), about to teleport
A: hooves 3, large bone plates 1, powered by death 1, spiny 1
a: Stomp, Renounce Religion


You were on level 10 of the Dungeon.
You worshipped Uskayaw.
Uskayaw was noncommittal.
You visited 2 branches of the dungeon, and saw 11 of its levels.

You collected 482 gold pieces.

Inventory:

Hand Weapons
 o - the +5 scythe "Finisher" {speed, eviscerate}
   (You found it on level 8 of the Dungeon)

   Attacks with this weapon are significantly faster.
Missiles
 c - 4 throwing nets (quivered)
Armour
 a - a +0 leather armour
 G - a scarf of shadows
 K - a +2 robe of positive energy (worn)
 P - a +2 cloak (worn)
 Q - a +1 helmet (worn)
Magical Staves
 J - an uncursed staff of fire
Jewellery
 d - an uncursed ring of ice
 p - an uncursed ring of magical power
 w - an uncursed ring of protection from fire
 H - a +6 ring of dexterity
 L - a +4 ring of protection (left hand)
 R - a ring of see invisible (right hand)
 V - an uncursed ring of protection from magic
Wands
 b - a wand of digging (1)
 t - a wand of enslavement (8)
 x - a wand of acid (6)
 B - a wand of random effects (33)
 C - a wand of iceblast (6)
 I - a wand of paralysis (5)
Scrolls
 e - 7 scrolls of remove curse
 f - 3 scrolls of enchant armour
 h - 2 scrolls of fog {unknown}
 i - a scroll of noise {unknown}
 m - 6 scrolls of teleportation
 n - 2 scrolls of magic mapping {unknown}
 r - a scroll of identify
 s - 2 scrolls of random uselessness
 y - 2 scrolls of amnesia {unknown}
 A - 2 scrolls of immolation {unknown}
 F - 2 scrolls of blinking
 N - a scroll of fear {unknown}
 S - a scroll of brand weapon {unknown}
 T - a scroll of enchant weapon {unknown}
 U - a scroll of vulnerability {unknown}
 X - a scroll of acquirement {unknown}
Potions
 g - 2 potions of might
 j - 8 potions of curing
 k - a potion of resistance
 l - 4 potions of heal wounds
 q - 2 potions of mutation
 u - a potion of ambrosia
 v - 3 potions of brilliance
 z - a potion of invisibility
 D - 3 potions of stabbing
 E - 4 potions of haste
 M - a potion of flight
 O - a potion of lignification


   Skills:
 + Level 4.8 Fighting
 - Level 1.7 Throwing
 - Level 2.6 Dodging
 * Level 14.0 Unarmed Combat
 + Level 5.6 Invocations


You had 9 spell levels left.
You didn't know any spells.
Your spell library contained the following spells:

 Spells                   Type           Power        Failure   Level
 Foxfire                  Conj/Fire      #...         30%         1
 Freeze                   Ice            #...         30%         1
 Poisonous Vapours        Pois/Air       #.....       43%         2
 Conjure Flame            Conj/Fire      #.......     67%         3
 Frozen Ramparts          Ice            #.....       67%         3
 Ignite Poison            Fire/Tmut/Pois #.......     67%         3
 Inner Flame              Hex/Fire       #.......     67%         3
 Mephitic Cloud           Conj/Pois/Air  #.......     67%         3
 Ozocubu's Armour         Ice            #.......     67%         3
 Hailstorm                Conj/Ice       #.......     97%         4
 Sticky Flame             Conj/Fire      #.......     97%         4
 Summon Ice Beast         Ice/Summ       #.......     97%         4
 Fireball                 Conj/Fire      #.........   100%        5
 Freezing Cloud           Conj/Ice/Air   #.........   100%        6


Dungeon Overview and Level Annotations

Branches:
Dungeon (10/15)            Temple (1/1) D:4            Lair (0/6) D:9
    Orc (0/2) D:9

Altars:
Ashenzari
Cheibriados
Dithmenos
Elyvilon
Fedhas
Gozag
Hepliaklqana
Kikubaaqudgha
Makhleb
Nemelex Xobeh
Okawaru
Qazlal
Ru
Sif Muna
Trog
Uskayaw
Vehumet
Wu Jian
Xom
Yredelemnul
Zin
The Shining One

Annotations:
D:10 Erica


Innate Abilities, Weirdness & Mutations

You have hooves in place of feet.
You are partially covered in large bone plates. (SH +4)
You regenerate a little health from kills.
You are partially covered in sharp spines.


Message History

You feel better. Something hits you!
* * * LOW HITPOINT WARNING * * *
Something burns you.
* * * LOW HITPOINT WARNING * * *
You're wearing all the rings you can.
Remove which one? (? for menu, Esc to quit)
You remove your ring of protection from magic.
Reactivating autopickup.
R - a ring of see invisible (right hand) Erica casts a spell at you.
The lance of force hits you!
* * * LOW HITPOINT WARNING * * *
You are knocked back by the lance of force.
You slam into the rock wall!
You can no longer pass through a line of other dancers.
As you read the scroll of teleportation, it crumbles to dust.
You feel strangely unstable. Erica gestures at you while chanting.
The bolt of poison hits you!
You are lethally poisoned!
You die...

#+## #(.# ...
######.####
######.###
#.[...(...#
.........#
#.........#####
.##+####.###
#.............#
#.@.#
#.........###..
#.#.###.........#
###
#.#..##.........#
#.##@##.........#
#.##............#
#.#####.........#
#.# #.........#
#. #.........#
#.).......#
#.........#
###########


You could see Erica (invisible).

Vanquished Creatures
  Sonja (D:10)
  Pikel (D:6)
  Grinder (D:6)
  A hippogriff (D:7)
  4 yaks (D:10)
  6 wraiths (D:8)
  Sigmund (D:2)
  Edmund (D:6)
  A water moccasin (D:6)
  An orc warrior (D:9)
  3 sky beasts
  2 ice beasts
  A necrophage (D:7)
  A black bear (D:7)
  2 phantoms
  The ghost of viperstalker the Skirmisher, an amateur PaFi (D:3)
  2 centaurs (D:6)
  4 ogres
  A lemure (D:6)
  A big kobold (D:10)
  4 bullfrogs
  5 scorpions
  6 wights
  2 bullfrog zombies
  3 howler monkeys
  A quasit (D:10)
  8 orc priests
  A jelly (D:8)
  11 hounds
  Ijyb (D:3)
  Terence (D:3)
  7 orc wizards
  6 iguanas
  10 worker ants
  A hound zombie (D:10)
  A worker ant zombie (D:6)
  A howler monkey skeleton (D:4)
  6 gnolls
  2 river rats (D:3)
  7 adders
  4 shadow imps
  3 white imps
  3 ufetubi
  An ooze (D:2)
  2 adder zombies
  An adder skeleton (D:7)
  A worm (D:3)
  2 dart slugs
  9 leopard geckos
  23 orcs
  A bat skeleton (D:2)
  6 giant cockroaches
  16 goblins
  10 hobgoblins
  5 jackals (D:2)
  2 quokkas
  7 bats
  9 frilled lizards
  2 jackal skeletons
  19 kobolds
  A leopard gecko skeleton (D:6)
  A leopard gecko zombie (D:6)
  6 rats
254 creatures vanquished.

Vanquished Creatures (others)
  A plant (D:4)
1 creature vanquished.

Grand Total: 255 creatures vanquished

Notes
Turn   | Place    | Note
-------+----------+-------------------------------------------
     0 | D:1      | Alarkh the Demonspawn Gladiator began the quest for the
                  | Orb.
     0 | D:1      | Reached XP level 1. HP: 16/16 MP: 1/1
   131 | D:1      | Reached skill level 3 in Unarmed Combat
   285 | D:1      | Gained mutation: You regenerate a little health from kills.
                  | [demonic ancestry]
   285 | D:1      | Reached XP level 2. HP: 19/22 MP: 2/2
   840 | D:2      | Gained mutation: You have large cloven feet. [demonic
                  | ancestry]
   840 | D:2      | Reached XP level 3. HP: 18/27 MP: 3/3
   867 | D:2      | Reached skill level 4 in Unarmed Combat
  1034 | D:2      | Noticed Sigmund
  1047 | D:2      | Killed Sigmund
  1047 | D:2      | Reached skill level 5 in Unarmed Combat
  1047 | D:2      | Gained mutation: You have hoof-like feet. [demonic
                  | ancestry]
  1047 | D:2      | Reached XP level 4. HP: 27/33 MP: 4/4
  1047 | D:2      | Gained mutation: You are partially covered in sharp spines.
                  | [demonic ancestry]
  1047 | D:2      | Reached XP level 5. HP: 31/38 MP: 5/5
  1321 | D:2      | Reached skill level 6 in Unarmed Combat
  1640 | D:3      | Noticed Terence
  1642 | D:3      | Noticed Ijyb
  1650 | D:3      | Killed Terence
  1650 | D:3      | Gained mutation: You have hooves in place of feet. [demonic
                  | ancestry]
  1650 | D:3      | Reached XP level 6. HP: 44/44 MP: 6/6
  1671 | D:3      | Killed Ijyb
  1733 | D:3      | Found a runed translucent door.
  1739 | D:3      | Noticed viperstalker's ghost (amateur PaFi)
  1756 | D:3      | Killed viperstalker's ghost
  1768 | D:3      | Found a runed translucent door.
  2223 | D:4      | Reached skill level 7 in Unarmed Combat
  2443 | D:4      | Found an opulent altar of Gozag.
  2572 | D:4      | Found a staircase to the Ecumenical Temple.
  2606 | D:4      | Reached XP level 7. HP: 50/50 MP: 7/7
  2616 | Temple   | Entered the Ecumenical Temple
  2692 | Temple   | Became a worshipper of Uskayaw the Reveler
  2813 | D:4      | Reached * piety under Uskayaw
  2849 | D:4      | Reached ** piety under Uskayaw
  2851 | D:4      | Reached *** piety under Uskayaw
  2884 | D:4      | Found a shadowy altar of Dithmenos.
  3236 | D:5      | Entered Level 5 of the Dungeon
  3251 | D:5      | Reached skill level 8 in Unarmed Combat
  3259 | D:5      | Reached **** piety under Uskayaw
  3782 | D:5      | Reached skill level 9 in Unarmed Combat
  3782 | D:5      | Reached XP level 8. HP: 19/56 MP: 8/8
  3784 | D:5      | Reached ***** piety under Uskayaw
  4084 | D:5      | Found a radiant altar of Vehumet.
  4339 | D:6      | Noticed Pikel
  4351 | D:6      | Killed Pikel
  4351 | D:6      | Reached skill level 10 in Unarmed Combat
  4492 | D:6      | Found a white marble altar of Elyvilon.
  4612 | D:6      | Noticed Edmund
  4618 | D:6      | Reached skill level 11 in Unarmed Combat
  4618 | D:6      | Reached XP level 9. HP: 39/61 MP: 9/9
  4633 | D:6      | Killed Edmund
  4873 | D:6      | Noticed Grinder
  4884 | D:6      | Killed Grinder
  5154 | D:6      | Reached skill level 12 in Unarmed Combat
  5371 | D:7      | Reached ****** piety under Uskayaw
  5925 | D:7      | Found an ornate altar of the Wu Jian Council.
  5944 | D:7      | Found a blossoming altar of Fedhas.
  5949 | D:7      | Found an iron altar of Okawaru.
  6011 | D:7      | Reached skill level 13 in Unarmed Combat
  6034 | D:7      | Identified the Grimoire of Ignition
  6053 | D:7      | Found a shimmering altar of Xom.
  6469 | D:8      | Gained mutation: You are partially covered in large bone
                  | plates. (SH +4) [demonic ancestry]
  6469 | D:8      | Reached XP level 10. HP: 67/67 MP: 10/10
  6492 | D:8      | Found a snail-covered altar of Cheibriados.
  6601 | D:8      | Reached skill level 1 in Invocations
  6689 | D:8      | Found the +5 scythe "Finisher" {speed, eviscerate}
  7213 | D:9      | Found a shattered altar of Ashenzari.
  7255 | D:9      | Found a staircase to the Orcish Mines.
  7402 | D:9      | Found a glowing golden altar of the Shining One.
  7429 | D:9      | Found a stormy altar of Qazlal.
  7563 | D:9      | Found a hazy altar of Hepliaklqana.
  7678 | D:9      | Found a staircase to the Lair.
  7735 | D:10     | Entered Level 10 of the Dungeon
  7846 | D:10     | Reached skill level 5 in Invocations
  7891 | D:10     | Noticed Sonja
  7905 | D:10     | Killed Sonja
  8154 | D:10     | Noticed Erica
  8156 | D:10     | Reached skill level 14 in Unarmed Combat
  8169 | D:10     | Killed from afar by Erica

Illustrated notes

Levels and vault maps discovered:
D:1:      nicolae_arrival_washed_ashore, layout_loops_ring
D:2:      layout_loops_ring, minmay_mini_jars, uniq_sigmund
D:3:      kennysheep_the_goblin_king, layout_loops_ring, ebering_ghost_sewer_f,
          uniq_terence, uniq_ijyb
D:4:      layout_loops_ring, nicolae_overflow_hidden_temple, old_standard_altar,
          minmay_temple_entry_gardened_gates, minmay_lizard_king
D:5:      layout_basic, nicolae_overflow_crystal_walls
D:6:      layout_loops_ring, lemuel_coloured_pillars_altar, eino_curves_04,
          uniq_edmund, uniq_grinder, uniq_pikel
D:7:      layout_loops_ring, grunt_temple_overflow_cloverleaf
D:8:      layout_basic, lemuel_crystal_altar, minmay_guarded_unrand_finisher
D:9:      layout_cave_pools, marbit_many_paths, overflow_temple_1_default,
          tso_metal_star, grunt_qazlal_clouds, grunt_lair_entry_orc_guard_hut,
          orc_0_dummy
D:10:     layout_roguey, uniq_sonja, uniq_erica
Temple:   dpeg_three_leaves_temple

Skill      XL: |  1  2  3  4  5  6  7  8  9 10 |
---------------+-------------------------------+-----
Unarmed Combat | 3 5 6 7 9 11 13 14 | 14.0
Invocations    | 5 |  5.6
Fighting       | 4 |  4.8
Throwing       | |  1.7
Dodging        | |  2.6

Action                   |  1- 3 |  4- 6 |  7- 9 | 10-12 || total
-------------------------+-------+-------+-------+-------++-------
Melee: Unarmed           |   123 |   113 |   275 |   170 ||   681
       Kick              |    18 |    28 |    60 |    46 ||   152
       Punch             |     1 |     4 |    21 |    13 ||    39
Evoke: Wand              |       |       |       |     2 ||     2
  Use: Scroll            |       |     4 |     2 |    11 ||    17
       Potion            |       |     2 |     2 |     3 ||     7
 Stab: Sleeping          |     1 |       |       |       ||     1
       Paralysed         |       |       |    13 |    13 ||    26
Armor: Leather armour    |    35 |    18 |     8 |       ||    61
       Skin              |       |       |     6 |       ||     6
       Robe              |       |       |    47 |    41 ||    88
Dodge: Dodged            |    63 |    47 |   113 |    53 ||   276
Block: Other             |       |       |       |    30 ||    30

Table legend: (Time is in decaauts)
 A = Elapsed time spent in this place.
 B = Non-inter-level travel time spent in this place.
 C = Inter-level travel time spent in this place.
 D = Time resting spent in this place.
 E = Time spent auto-exploring this place.
 F = Levels seen in this place.
 G = Mean time per level.
                   A        B        C        D        E       F      G
               +--------+--------+--------+--------+--------+-----+--------+
         Total |   8079 |   7405 |    674 |    427 |   5739 |  11 |  734.5 |
       Dungeon |   7993 |   7327 |    666 |    427 |   5671 |  10 |  799.3 |
        Temple |     85 |     77 |      8 |      0 |     68 |   1 |   85.0 |
               +--------+--------+--------+--------+--------+-----+--------+

Top non-repeatable levels by time:
     D:5: 1093 daAuts
     D:6: 1081 daAuts
     D:4: 1001 daAuts
     D:8: 845 daAuts
     D:2: 832 daAuts
     D:3: 822 daAuts
     D:1: 701 daAuts
     D:7: 680 daAuts
     D:9: 508 daAuts
    D:10: 425 daAuts
  Temple: 85 daAuts
